 Dungeon Crawl Stone Soup version 0.30-a0-652-gcc886f7154 (webtiles) character file.

Game seed: 3846736287541633916

472 Armakuni the Conjurer (level 6, 0/45 HPs)
             Began as a Draconian Conjurer on Jan 17, 2023.
             Was an Initiate of Elyvilon.
             Succumbed to an orc's poison
             ... in the Ecumenical Temple.
             The game lasted 00:11:44 (3438 turns).

Armakuni the Conjurer (Draconian Conjurer)          Turns: 3438, Time: 00:11:44

Health: 0/45       AC:  7    Str:  6 (9)  XL:     6   Next: 83%
Magic:  10/19      EV: 11    Int: 18 (21) God:    Elyvilon [......]
Gold:   125        SH:  0    Dex:  6 (9)  Spells: 2/11 levels left

rFire   . . .      SeeInvis .    a - +2 trident (flame)
rCold   . . .      Faith    .    (no shield)
rNeg    . . .      Spirit   .    (body armour unavailable)
rPois   .          Reflect  .    (helmet restricted)
rElec   .          Harm     .    (no cloak)
rCorr   .          Rampage  .    (no gloves)
Will    .....                    n - +0 pair of boots
Stlth   +                        (no amulet)
HPRegen 0.27/turn                P - ring of magical power
MPRegen 0.16/turn                (no ring)

@: lethally poisoned (0 -> -1)
A: AC +6, unfitting armour, cold-blooded
a: Renounce Religion


You were in the Ecumenical Temple.
You worshipped Elyvilon.
Elyvilon was noncommittal.
You visited 2 branches of the dungeon, and saw 5 of its levels.

You collected 125 gold pieces.

Inventory:

Hand Weapons
 a - a +2 trident of flaming (weapon)
 k - a +4 hand axe of flaming
Missiles
 d - 2 javelins
 i - 3 curare-tipped darts
 l - 2 boomerangs of dispersal
Armour
 n - a +0 pair of boots (worn)
Jewellery
 P - a ring of magical power (left hand)
Scrolls
 b - 2 scrolls of identify
 c - 6 scrolls of teleportation
 e - a scroll of amnesia
 j - 3 scrolls of blinking {unknown}
 m - a scroll of noise
Potions
 g - a potion of attraction {unknown}
 h - a potion of brilliance {unknown}
 o - 2 potions of invisibility {unknown}


   Skills:
 - Level 1.7 Dodging
 - Level 1.7 Stealth
 - Level 3.0 Spellcasting
 + Level 7.9 Conjurations


You had 2 spell levels left.
You knew the following spells:

 Your Spells              Type           Power      Damage    Failure   Level
h - Hailstorm             Conj/Ice       16%        3d6       10%         3
m - Iskenderun's Mystic   Conj/Tloc      16%        2d5       32%         4
z - Searing Ray           Conj           62%        2d6       1%          2

Your spell library contained the following spells:

 Spells                   Type           Power      Damage    Failure   Level
 Magic Dart               Conj           100%       1d8       1%          1
 Apportation              Tloc           4%         N/A       16%         1
 Freeze                   Ice            8%         1d3       16%         1
 Necrotise                Necr           8%         1d4       16%         1
 Summon Small Mammal      Summ           8%         N/A       16%         1
 Dazzling Flash           Conj/Hex       32%        N/A       10%         3
 Fulminant Prism          Conj/Hex       8%         3d6       32%         4
 Frozen Ramparts          Ice            4%         1d1       43%         3


Dungeon Overview and Level Annotations

Branches:
Dungeon (4/15)             Temple (1/1) D:4

Altars:
Elyvilon
Fedhas
Gozag
Hepliaklqana
Kikubaaqudgha
Makhleb
Nemelex Xobeh
Okawaru
Sif Muna
Trog
Uskayaw
Vehumet
Wu Jian
Xom
Yredelemnul

Shops:
D:2 =


Innate Abilities, Weirdness & Mutations

Your plain brown scales are hard. (AC +6)
You cannot fit into any form of body armour.
You are cold-blooded and may be slowed by cold attacks.


Message History

The orc is almost dead. (Press . to maintain the ray.)
You feel sick. The orc closely misses you.
The orc hits you with a +1 short sword of venom.
You are more poisoned.
The searing ray hits the orc!
You kill the orc!
You feel very sick. The orc misses you.
You hit the orc. You burn the orc. You tail-slap the orc.
The orc is heavily wounded.
You feel sick. The orc barely misses you.
You closely miss the orc.
Your tail-slap misses the orc.
The orc is heavily wounded.
You feel sick. The orc hits you but does no damage.
You hit the orc. You burn the orc.
The orc is severely wounded.
You feel sick. The orc misses you.
You barely miss the orc.
The orc is severely wounded.
You feel sick. The orc hits you with a +0 falchion.
* * * LOW HITPOINT WARNING * * *
The orc hits you with a +0 falchion.
* * * LOW HITPOINT WARNING * * *
Aiming: Searing Ray (safe; 1% risk of failure)
Press: ? - help, Q - select action, (/) - cycle Shift-Dir - straight line, f - orc
Aim: an orc, wielding a +0 falchion and wearing a +0 scale mail (severely wounded, 83% to hit)
The searing ray hits the orc.
The orc is almost dead. (Press . to maintain the ray.)
* * * LOW HITPOINT WARNING * * *
You feel sick. The orc barely misses you.
The searing ray hits the orc.
You kill the orc!
* * * LOW HITPOINT WARNING * * *
You feel sick.
It was a potion of degeneration.
There was something very wrong with that liquid.
You feel weakened.
You feel dopey.
You feel clumsy.
You die...

..........~.....~.~~~♣
........♣♣♣...§...~~~♣♣
♣..♣...♣♣ ♣........~≈≈♣♣
♣.....♣♣♣♣♣~........≈~≈♣♣
..........♣..~.~.._..§≈≈♣
...♣..._...~~~~~~~.§~≈≈≈♣
_..♣.....~~~~~~~~~~~~≈≈≈♣
......~~~~~~~..~).~~~≈≈♣♣
§..~~~≈≈≈≈§≈≈..§@...~♣♣♣
♣♣~~≈≈≈≈≈≈≈≈~~~)..~♣♣♣
♣♣♣≈≈≈≈≈≈≈≈≈≈§~~♣♣♣♣
♣♣♣♣♣♣♣≈≈≈≈♣♣♣♣ ♣♣♣♣♣♣


There were no monsters in sight!

Vanquished Creatures
  A sky beast (D:4)
  An ogre (D:4)
  A necrophage (D:4)
  A jelly (D:4)
  2 orc priests
  An iguana (Temple)
  3 gnolls (D:4)
  4 adders
  A worm (D:4)
  A dart slug (D:1)
  8 orcs
  4 endoplasms (D:1)
  3 giant cockroaches
  4 goblins
  7 hobgoblins
  3 jackals (D:1)
  3 quokkas
  4 ball pythons
  4 bats
  2 frilled lizards
  2 kobolds (D:4)
  4 rats (D:1)
64 creatures vanquished.

Vanquished Creatures (others)
  7 toadstools (D:1)
7 creatures vanquished.

Grand Total: 71 creatures vanquished

Notes
Turn   | Place    | Note
-------+----------+-------------------------------------------
     0 | D:1      | Armakuni the Draconian Conjurer began the quest for the
                  | Orb.
     0 | D:1      | Reached XP level 1. HP: 14/14 MP: 3/3
   191 | D:1      | Reached XP level 2. HP: 20/20 MP: 3/5
   300 | D:1      | Learned a level 2 spell: Searing Ray
   704 | D:1      | Found a faded altar of an unknown god.
   834 | D:1      | Reached skill level 5 in Conjurations
   834 | D:1      | Reached XP level 3. HP: 26/26 MP: 6/6
  1466 | D:2      | Found Wirpheri's Jewellery Emporium.
  2191 | D:3      | Reached XP level 4. HP: 33/33 MP: 7/7
  2357 | D:4      | Noticed an ogre
  2369 | D:4      | Killed an ogre
  2370 | D:4      | Reached skill level 6 in Conjurations
  2370 | D:4      | Reached XP level 5. HP: 38/38 MP: 8/8
  2412 | D:4      | Learned a level 4 spell: Iskenderun's Mystic Blast
  2671 | D:4      | Learned a level 3 spell: Hailstorm
  2798 | D:4      | Reached XP level 6. HP: 45/45 MP: 10/10
  2853 | D:4      | Noticed a sky beast
  2862 | D:4      | Killed a sky beast
  2863 | D:4      | Reached skill level 7 in Conjurations
  3155 | D:4      | Found a white marble altar of Elyvilon.
  3161 | D:4      | Became a worshipper of Elyvilon the Healer
  3200 | D:4      | Found a staircase to the Ecumenical Temple.
  3209 | Temple   | Entered the Ecumenical Temple
  3435 | Temple   | HP: 2/45 [orc/+0 falchion (4)]
  3438 | Temple   | Succumbed to an orc's poison

Illustrated notes

Levels and vault maps discovered:
D:1:      nagdon_arrival_double_spiral, layout_basic,
          ebering_ecumenical_altar_mist
D:2:      layout_basic, serial_shops, shop
D:3:      layout_loops_cross, saegor_snake_ambush
D:4:      layout_basic, nicolae_elyvilon_peaceful_grove,
          minmay_temple_entry_mini_moons
Temple:   nicolae_temple_bog_church

Skill      XL: |  1  2  3  4  5  6 |
---------------+-------------------+-----
Conjurations   | 5 6 7 |  7.9
Spellcasting   | 3 |  3.0
Dodging        | |  1.7
Stealth        | |  1.7

Action                   |  1- 3 |  4- 6 || total
-------------------------+-------+-------++-------
Melee: Unarmed           |    33 |       ||    33
       Tailslap          |     7 |     1 ||     8
       Trident           |       |     4 ||     4
 Cast: Magic Dart        |    23 |       ||    23
       Searing Ray       |    20 |    25 ||    45
  Use: Scroll            |     4 |     1 ||     5
       Potion            |     1 |     1 ||     2
 Stab: Sleeping          |     1 |       ||     1
Armor: Skin              |    15 |     9 ||    24
Dodge: Dodged            |    41 |    35 ||    76

Table legend: (Time is in decaauts)
 A = Elapsed time spent in this place.
 B = Non-inter-level travel time spent in this place.
 C = Inter-level travel time spent in this place.
 D = Time resting spent in this place.
 E = Time spent auto-exploring this place.
 F = Levels seen in this place.
 G = Mean time per level.
                   A        B        C        D        E       F      G
               +--------+--------+--------+--------+--------+-----+--------+
         Total |   3468 |   3280 |    188 |    847 |   1359 |   5 |  693.6 |
       Dungeon |   3228 |   3061 |    167 |    827 |   1196 |   4 |  807.0 |
        Temple |    239 |    218 |     21 |     20 |    163 |   1 |  239.0 |
               +--------+--------+--------+--------+--------+-----+--------+

Top non-repeatable levels by time:
     D:1: 897 daAuts
     D:4: 880 daAuts
     D:3: 819 daAuts
     D:2: 630 daAuts
  Temple: 239 daAuts
